 Dungeon Crawl Stone Soup version 0.19-a0-442-g8935a21 (webtiles) character file.

12607 Ordine the Covert (level 11, -13/67 HPs)
             Began as an Octopode Transmuter on June 1, 2016.
             Was a Believer of Cheibriados.
             Mangled by a komodo dragon (30 damage)
             ... on level 11 of the Dungeon.
             The game lasted 01:20:34 (14906 turns).

Ordine the Covert (Octopode Transmuter)            Turns: 14906, Time: 01:20:35

Health: -13/67     AC: 12    Str: 18    XL:     11   Next: 96%
Magic:  12/15      EV: 21    Int: 29    God:    Cheibriados [**....]
Gold:   174        SH:  0    Dex: 25    Spells: 2 memorised, 7 levels left

rFire  x . .     SeeInvis +       - Unarmed
rCold  + + +     Gourm    .     (shield currently unavailable)
rNeg   + . .     Faith    +     (helmet currently unavailable)
rPois  +         Spirit   .     X - amulet of faith
rElec  +         Dismiss  .     o - +3 ring of protection
rCorr  +         Reflect  .     S - +4 ring of evasion
SustAt .         Harm     .     H - +4 ring of intelligence
MR     .....                    Q - ring "Ratitovu" {Ice Int+3 Slay+2 SInv}
Stlth  +++++.....               T - ring of Nelaj {+Fly rPois Str+4}
                                Z - ring "Jyupp" {rCorr Dex+6}
                                C - ring of protection from fire
                                O - ring of Jeomp {Wiz rElec rN+}

@: ice-form, very slow, not resistant to hostile enchantments, quite stealthy
A: almost no armour, amphibious, 8 rings, (constrict 8), (camouflage 0), agile
1, blurry vision 1, frail 1, (gelatinous body 0)
a: End Transformation, Bend Time, Renounce Religion, Evoke Flight


You were on level 11 of the Dungeon.
You worshipped Cheibriados.
Cheibriados was pleased with you.
You were not hungry.
You were a creature of crystalline ice.
You visited 2 branches of the dungeon, and saw 12 of its levels.
You also visited: Trove.

You collected 772 gold pieces.
You spent 598 gold pieces at shops.

Inventory:

Jewellery
 o - a +3 ring of protection (left front paw)
 x - an uncursed amulet of magic regeneration
 z - an uncursed amulet of regeneration
 C - a ring of protection from fire (on tentacle)
 F - an uncursed ring of protection from cold
 H - a +4 ring of intelligence (on tentacle)
 O - the ring of Jeomp (on tentacle) {Wiz rElec rN+}
   (You found it in a treasure trove)

   [ring of wizardry]

   It improves your spell success rate.
   It insulates you from electricity.
   It protects you from negative energy.
 Q - the ring "Ratitovu" (on tentacle) {Ice Int+3 Slay+2 SInv}
   (You found it in a treasure trove)

   [ring of ice]

   It enhances your ice magic, and weakens your fire magic.
   It affects your intelligence (+3).
   It affects your accuracy and damage with ranged weapons and melee attacks
   (+2).
   It makes you vulnerable to fire.
   It protects you from cold.
   It lets you see invisible.
 R - an uncursed ring of protection from magic
 S - a +4 ring of evasion (right front paw)
 T - the ring of Nelaj (on tentacle) {+Fly rPois Str+4}
   (You found it in a treasure trove)

   [ring of flight]

   It affects your strength (+4).
   It protects you from poison.
   It lets you fly.
 V - an uncursed ring of positive energy
 X - an amulet of faith (around neck)
 Y - a +2 ring of slaying
 Z - the ring "Jyupp" (on tentacle) {rCorr Dex+6}
   (You found it in a treasure trove)

   [ring of resist corrosion]

   It affects your dexterity (+6).
Wands
 m - a wand of digging (14/24)
 t - a wand of confusion (14/48)
 u - a wand of slowing (21/48)
 y - a wand of paralysis (11/24)
 J - a wand of lightning (5/15)
 L - a wand of polymorph (13/24)
 M - a wand of teleportation (6/9)
Scrolls
 f - a scroll of immolation
 h - a scroll of blinking
 n - a scroll of amnesia
 D - 4 scrolls of remove curse
 G - 2 scrolls of recharging
 K - 2 scrolls of magic mapping
 N - a scroll of noise
Potions
 e - a potion of lignification
 i - 2 potions of agility
 j - 3 potions of curing
 k - 2 potions of brilliance
 q - 2 potions of invisibility
 r - 3 potions of cancellation
 v - a potion of flight
 B - a potion of magic
Books
 b - a book of Changes

   Spells                             Type                      Level
   a - Beastly Appendage              Transmutation                1
   b - Sticks to Snakes               Transmutation                2
   c - Spider Form                    Transmutation/Poison         3
   d - Ice Form                       Ice/Transmutation            4
   e - Blade Hands                    Transmutation                5
 p - a book of Battle

   Spells                             Type                      Level
   a - Infusion                       Charms                       1
   b - Shroud of Golubria             Charms/Translocation         2
   c - Song of Slaying                Charms                       2
   d - Spectral Weapon                Hexes/Charms                 3
   e - Regeneration                   Charms/Necromancy            3
 w - a book of Necromancy

   Spells                             Type                      Level
   a - Pain                           Necromancy                   1
   b - Animate Skeleton               Necromancy                   1
   c - Vampiric Draining              Necromancy                   3
   d - Regeneration                   Charms/Necromancy            3
   e - Animate Dead                   Necromancy                   4
   f - Control Undead                 Necromancy                   4
 P - a book of Air

   Spells                             Type                      Level
   a - Shock                          Conjuration/Air              1
   b - Swiftness                      Charms/Air                   2
   c - Repel Missiles                 Charms/Air                   2
   d - Static Discharge               Conjuration/Air              3
   e - Lightning Bolt                 Conjuration/Air              5
Comestibles
 a - a chunk of flesh
 c - 7 bread rations
 d - 10 royal jellies
 g - 5 meat rations
 l - 15 fruits
 E - 4 beef jerkies
 I - a slice of pizza


   Skills:
 - Level 1.0 Fighting
 - Level 8.0 Dodging
 - Level 10.0 Stealth
 - Level 10.0 Unarmed Combat
 - Level 2.0 Spellcasting
 - Level 10.0 Transmutations
 - Level 5.0 Ice Magic
 * Level 6.4 Invocations


You had 7 spell levels left.
You knew the following spells:

 Your Spells              Type           Power        Failure   Level  Hunger
a - Spider Form           Tmut/Pois      ####......   1%          3    ###....
b - Ice Form              Ice/Tmut       ######..     1%          4    ####...


Dungeon Overview and Level Annotations

Branches:
Dungeon (11/15)            Temple (1/1) D:6            Lair (0/8) D:11
    Orc (0/2) D:10

Altars:
Ashenzari
Cheibriados
Dithmenos
Elyvilon
Fedhas
Gozag
Hepliaklqana
Kikubaaqudgha
Makhleb
Nemelex Xobeh
Okawaru
Pakellas
Qazlal
Ru
Sif Muna
Trog
Uskayaw
Vehumet
Xom
Yredelemnul
Zin
The Shining One
Lugonu

Shops:
D:4 (=   D:6 %   D:9 (   D:10 *


Innate Abilities, Weirdness & Mutations

You cannot wear most types of armour.
You are amphibious.
You can wear up to eight rings at the same time.
((You can use your tentacles to constrict eight enemies at once.))
((Your skin changes colour to match your surroundings (Stealth+).))
((Your rubbery body absorbs attacks. (AC +1)))
You are agile. (Dex +2)
Scrolls take you a little longer to read.
You are frail. (-10% HP)


Message History

The centaur zombie hits you but does no damage.
The centaur zombie hits you.
You punch the centaur zombie!
You destroy the centaur zombie!
Cheibriados appreciates the change of pace.
Your Invocations skill increases to level 6!
You punch the jelly! You freeze the jelly.
You kill the jelly!
Cheibriados appreciates the change of pace.
The komodo dragon bites you!! The komodo dragon bites you!
* * * LOW HITPOINT WARNING * * *
You are too injured to fight recklessly!
You punch the komodo dragon!
The komodo dragon seems to slow down.
You freeze the komodo dragon.
The komodo dragon is heavily wounded.
Okay, then.
You hit the komodo dragon. You freeze the komodo dragon.
The komodo dragon is heavily wounded.
The komodo dragon bites you!!
You die...

########....>......†.........####
.............[.......#.####..#
.######................# ##.# .#
###........#.#...#.# #.# .##
#........).#.##..#.#####.####
.<###.....##.#.#.................
..........##.#.#.(........##..###
..###.....##.#.#..#.#..##.##..#
...##..........#Y.#.#..##.##..#
##.##.###.......l###########..#
#.##.# ##.#.....##PPPPP# #..###
#.##.# #..####.#rPPPPPP #.....
#.##.####...###.#PPPP.lP ##.###
##............##...PP.>.P #.#
...............#...PP...P #.#
###.#.###.....##....PPPPP #.#
###.#.####..........PPPPP #.#


You could see a komodo dragon.

Vanquished Creatures
  A hill giant (D:11)
  Pikel (D:7)
  The ghost of Ordine the Transmogrifier, a novice OpTm (D:5)
  Maurice (D:9)
  Psyche (D:8)
  The ghost of Enish the Cruncher, a novice VSWz of Makhleb (D:7)
  A two-headed ogre (D:10)
  Prince Ribbit (D:8)
  Sigmund (D:5)
  2 wraiths (D:11)
  11 yaks (D:11)
  A wyvern (D:11)
  Eustachio (D:5)
  A hippogriff (D:11)
  4 wargs (D:10)
  2 soldier ants (D:8)
  2 water moccasins
  2 slaves (D:7)
  2 orc warriors
  3 sky beasts
  A phantom (D:4)
  5 ice beasts
  A necrophage (D:9)
  A wasp (D:8)
  7 ogres
  4 centaurs
  A crocodile (D:9)
  A big kobold (D:11)
  10 giant frogs
  A wyvern skeleton (D:7)
  5 scorpions
  21 killer bees
  13 wights
  A howler monkey (D:10)
  7 crimson imps
  2 centaur zombies
  A giant frog zombie (D:10)
  A centaur skeleton (D:7)
  4 orc priests
  2 giant frog skeletons (D:9)
  5 hounds
  6 jellies
  5 orc wizards
  5 iguanas
  9 worker ants
  2 hound zombies
  A worker ant zombie (D:10)
  Robin (D:3)
  3 gnolls (D:5)
  A howler monkey skeleton (D:4)
  13 adders
  5 shadow imps
  2 oozes (D:1)
  An adder zombie (D:9)
  3 worms
  4 dart slugs
  5 giant geckos
  28 orcs
  12 bats
  8 giant cockroaches
  19 goblins
  10 hobgoblins
  7 jackals
  10 quokkas
  3 ball pythons
  6 giant newts
  11 kobolds
  2 quokka skeletons
  11 rats
  A fungus (D:7)
328 creatures vanquished.

Vanquished Creatures (others)
  A slave (D:7)
  A quasit (D:7)
  9 plants (D:11)
11 creatures vanquished.

Grand Total: 339 creatures vanquished

Notes
Turn   | Place    | Note
--------------------------------------------------------------
     0 | D:1      | Ordine the Octopode Transmuter began the quest for the Orb.
     0 | D:1      | Reached XP level 1. HP: 13/13 MP: 3/3
    10 | D:1      | Reached skill level 1 in Stealth
   336 | D:1      | Reached XP level 2. HP: 18/18 MP: 5/5
   873 | D:1      | Reached XP level 3. HP: 23/23 MP: 6/6
   881 | D:1      | Learned a level 3 spell: Spider Form
   908 | D:1      | Found a snail-covered altar of Cheibriados.
   946 | D:1      | Became a worshipper of Cheibriados the Contemplative
  1301 | D:2      | Found a faded altar of an unknown god.
  1328 | D:2      | Found a hide-covered altar of Uskayaw.
  1362 | D:2      | Reached * piety under Cheibriados
  1693 | D:2      | Reached XP level 4. HP: 22/28 MP: 7/7
  2731 | D:3      | Reached XP level 5. HP: 26/33 MP: 4/8
  2905 | D:3      | Learned a level 4 spell: Ice Form
  2997 | D:3      | Reached ** piety under Cheibriados
  3111 | D:3      | Noticed Robin
  3153 | D:3      | Killed Robin
  3654 | D:3      | Found an oddly glowing altar of Pakellas.
  3806 | D:4      | Reached skill level 1 in Ice Magic
  3806 | D:4      | Reached XP level 6. HP: 37/38 MP: 9/9
  3918 | D:4      | Found Mamaabla's Jewellery Boutique.
  3959 | D:4      | Noticed a phantom
  4000 | D:4      | Found Lafebass's Antique Weapon Boutique.
  4117 | D:4      | Reached skill level 5 in Transmutations
  4259 | D:4      | Reached *** piety under Cheibriados
  4372 | D:4      | Found a basalt altar of Yredelemnul.
  4374 | D:4      | Noticed a profane servitor
  4572 | D:4      | Found a glowing golden altar of the Shining One.
  4574 | D:4      | Noticed an angel
  4633 | D:4      | Killed a phantom
  4633 | D:4      | Reached skill level 5 in Stealth
  4924 | D:4      | Bought a +3 ring of protection for 273 gold pieces
  4939 | D:5      | Entered Level 5 of the Dungeon
  4948 | D:5      | Noticed Sigmund
  5029 | D:5      | Reached XP level 7. HP: 36/43 MP: 10/10
  5454 | D:5      | Found an iron altar of Okawaru.
  5496 | D:5      | Noticed Eustachio
  5640 | D:5      | Noticed Ordine's ghost (novice OpTm)
  5655 | D:5      | Killed Ordine's ghost
  5655 | D:5      | Reached XP level 8. HP: 27/48 MP: 7/11
  6336 | D:5      | Killed Sigmund
  6519 | D:5      | Killed Eustachio
  6519 | D:5      | Reached **** piety under Cheibriados
  6668 | D:6      | Reached XP level 9. HP: 32/53 MP: 8/12
  6762 | D:6      | Reached skill level 5 in Ice Magic
  6867 | D:6      | You fall through a shaft for 2 floors!
  6870 | D:8      | Found a bloodstained altar of Trog.
  6877 | D:8      | Noticed Psyche
  6892 | D:7      | Noticed Prince Ribbit
  7013 | D:6      | Found a shadowy altar of Dithmenos.
  7197 | D:6      | Found a staircase to the Ecumenical Temple.
  7203 | Temple   | Entered the Ecumenical Temple
  7342 | D:6      | Found Juina's Food Shop.
  7359 | D:6      | Found a stormy altar of Qazlal.
  7363 | D:6      | Found a blossoming altar of Fedhas.
  7903 | D:7      | Reached ***** piety under Cheibriados
  8202 | D:7      | Found a radiant altar of Vehumet.
  8419 | D:7      | Found a snail-covered altar of Cheibriados.
  8451 | D:7      | Noticed Pikel
  8511 | D:7      | Noticed Enish's ghost (novice VSWz)
  8520 | D:7      | Killed Enish's ghost
  8520 | D:7      | Reached skill level 5 in Unarmed Combat
  8904 | D:7      | Killed Pikel
  8904 | D:7      | Reached XP level 10. HP: 53/58 MP: 11/13
  8953 | D:7      | Reached skill level 10 in Stealth
  9020 | D:7      | Found an opulent altar of Gozag.
  9133 | D:7      | Found a sacrificial altar of Ru.
 10141 | D:7      | Reached skill level 5 in Dodging
 10395 | D:7      | Reached ****** piety under Cheibriados
 10587 | D:8      | Killed Psyche
 10701 | D:8      | Killed Prince Ribbit
 10800 | D:8      | Found a glowing silver altar of Zin.
 11259 | D:8      | Found a hazy altar of Hepliaklqana.
 11259 | D:8      | Found a shattered altar of Ashenzari.
 11259 | D:8      | Found an oddly glowing altar of Pakellas.
 11457 | D:9      | Reached XP level 11. HP: 63/63 MP: 9/14
 11506 | D:9      | Found an iron altar of Okawaru.
 11508 | D:9      | Noticed Maurice
 11513 | D:9      | Killed Maurice
 11650 | D:9      | Found Zyhomih's Weapon Shoppe.
 11664 | D:9      | Reached skill level 10 in Unarmed Combat
 12047 | D:10     | Entered Level 10 of the Dungeon
 12275 | D:10     | Found a staircase to the Orcish Mines.
 12558 | D:10     | Found Huugij's General Store.
 13236 | D:10     | Found a portal to a secret trove of treasure.
 13245 | Trove    | Entered a treasure trove
 13254 | Trove    | Got a steaming amber ring
 13260 | Trove    | Got a scintillating jade ring
 13273 | Trove    | Got a warped steel ring
 13291 | Trove    | Got a flickering steel ring
 13300 | Trove    | Identified the ring of Jeomp {Wiz rElec rN+} (You found it in a treasure trove)
 13302 | Trove    | Identified the ring "Ratitovu" {Ice Int+3 Slay+2 SInv} (You found it in a treasure trove)
 13304 | Trove    | Identified the ring of Nelaj {+Fly rPois Str+4} (You found it in a treasure trove)
 13310 | Trove    | Identified the ring "Jyupp" {rCorr Dex+6} (You found it in a treasure trove)
 13565 | D:4      | Bought an uncursed ring of protection from fire for 325 gold pieces
 13745 | D:11     | Found a blossoming altar of Fedhas.
 13906 | D:11     | Found a staircase to the Lair.
 13958 | D:11     | Reached skill level 10 in Transmutations
 14230 | D:11     | Reached skill level 1 in Invocations
 14552 | D:11     | Noticed a hill giant
 14560 | D:11     | Killed a hill giant
 14566 | D:11     | Reached skill level 5 in Invocations
 14830 | D:11     | Gained mutation: You are agile. (Dex +2) [potion of mutation]
 14830 | D:11     | Gained mutation: Scrolls take you a little longer to read. [potion of mutation]
 14830 | D:11     | Gained mutation: You are frail. (-10% HP) [potion of mutation]
 14906 | D:11     | Mangled by a komodo dragon

Vault maps used:
D:1:      dpeg_arrival_boxorama, cheibriados_altar_1
D:2:      old_standard_altar, first_bread, ecumenical_altar_2,
          grunt_decor_resistance
D:3:      kennysheep_nondescript, johnstein_pakellas_dig, uniq_robin
D:4:      grunt_temple_overflow_holy_war, serial_shops,
          nicolae_shop_behind_doors, shop
D:5:      basic_altar, uniq_sigmund, uniq_eustachio
D:6:      grunt_temple_overflow_forces_of_nature, lemuel_coloured_pillars_altar,
          serial_shops, shop, abandoned_shop
D:7:      old_standard_altar, old_standard_altar,
          nicolae_ru_great_annihilating_truth, enter_bailey_3,
          minmay_gold_behind_fungi, nicolae_gozag_seed_capital,
          uniq_prince_ribbit1, uniq_pikel
D:8:      kennysheep_mini, gammafunk_temple_overflow_claw, zin_statuary,
          hangedman_pestilent_swarm, uniq_psyche
D:9:      old_standard_altar, serial_shops, kennysheep_mini_moat, uniq_maurice
D:10:     minmay_orc_entry_guard_dogs, serial_shops, shop,
          nicolae_trove_entry_crossroad
D:11:     david_lair_shrubbed, basic_altar
Temple:   corrupted_temple
Trove:    trove_jewel_2

Skill      XL: |  1  2  3  4  5  6  7  8  9 10 11 |
---------------+----------------------------------+-----
Stealth        | 1 2 3 4 5 6 8 9 10 | 10.0
Transmutations | 3 4 5 6 8 9 10 | 10.0
Ice Magic      | 1 2 3 4 5 |  5.0
Unarmed Combat | 5 9 10 | 10.0
Dodging        | 3 6 8 |  8.0
Invocations    | 6 |  6.4
Fighting       | |  1.0
Spellcasting   | |  2.0

Action                   |  1- 3 |  4- 6 |  7- 9 | 10-12 || total
-------------------------+-------+-------+-------+-------++-------
Melee: Unarmed           |    87 |   135 |   233 |   426 ||   881
       Tentacles         |    14 |    25 |    32 |    36 ||   107
       Constrict         |    17 |    23 |    23 |    24 ||    87
       Punch             |     2 |     1 |     2 |    12 ||    17
Throw: Tomahawk          |       |       |     6 |     2 ||     8
 Cast: Spider Form       |       |     3 |     2 |     1 ||     6
       Ice Form          |       |     1 |    18 |    34 ||    53
 Abil: End Transformatio |       |       |     1 |     1 ||     2
  Use: Scroll            |     3 |     7 |     7 |     9 ||    26
       Potion            |       |     1 |       |     2 ||     3
 Stab: Sleeping          |    18 |    12 |     7 |    18 ||    55
       Distracted        |       |     2 |     1 |     5 ||     8
  Eat: Chunk             |     2 |     4 |     9 |    19 ||    34
       Beef jerky        |       |       |     1 |       ||     1
       Fruit             |       |       |     1 |       ||     1
Armor: Skin              |     6 |    13 |    53 |    87 ||   159
Dodge: Dodged            |    42 |    75 |   122 |   314 ||   553
